Get step-by-step instructions on how to execute this build order below. Start the game timer, and the build order will tick by so you can play in parallel with StarCraft on a second screen or mobile device.

Game Time

  0:00

Last Step

  N/A

Next Step

Upcoming Step



Don't want to look back and forth between 2 screens? Try out our Overwolf App, the Spawning Tool Build Advisor to get an in-game overlay with this build!

Complete Build Order

  12  0:04  Probe  
  13  0:16  Probe  
  14  0:32  Pylon  
  14  0:37  Probe  
  15  0:50  Probe  
  16  1:01  Gateway  
  16  1:03  Probe  
  18  1:22  Assimilator  
  18  1:26  Assimilator